[Event "5th EKA IIFL Investment 2019"]
[Site "Mumbai"]
[Date "2020.01.04"]
[Round "6.15"]
[White "Subhayan Kundu"]
[Black "Nguyen, Van Huy"]
[Result "1-0"]
[ECO "B11"]
[WhiteElo "2222"]
[BlackElo "2457"]
[Annotator "ChessBase"]
[PlyCount "82"]
[EventDate "2019.12.30"]
[EventType "swiss"]
[EventCountry "IND"]
[SourceTitle "playchess.com"]
[Source "ChessBase"]
[SourceQuality "1"]
[TimeControl "40/5400+30:1800+30"]

1. e4 c6 2. Nc3 d5 3. Nf3 Bg4 4. h3 Bh5 5. exd5 cxd5 6. g4 Bg6 7. Bb5+ Nc6 8. Ne5 Rc8 9. d4 e6 10. Qe2 Bd6 11. Nxg6 hxg6 12. Nxd5 Kf8 13. Bxc6 Rxc6 14. Ne3 Bb8 15. d5 exd5 16. Bd2 Nf6 17. O-O-O Kg8 18. Qd3 Bf4 19. Kb1 Qb6 20. f3 Kh7 21. h4 Re8 22. Nxd5 Nxd5 23. h5 Rd8 24. hxg6+ Kg8 25. gxf7+ Kxf7 26. Qf5+ Rf6 27. Qh5+ Rg6 28. Qf5+ Rf6 29. Qh5+ Rg6 30. Qf5+ Qf6 31. Bxf4 Qxf5 32. gxf5 Rc6 33. Rd4 b5 34. Be5 Rc4 35. Rd2 Rc5 36. Rhd1 b4 37. f4 Rh8 38. a3 Nf6 39. axb4 Rb5 40. Rd6 Rh6 41. Ra6 Rb7 1-0

[Event "5th EKA IIFL Investment 2019"]
[Site "Mumbai"]
[Date "2020.01.04"]
[Round "6.19"]
[White "Debashis, Das"]
[Black "Girinath, P.D.S."]
[Result "1-0"]
[ECO "E90"]
[WhiteElo "2523"]
[BlackElo "2330"]
[Annotator "ChessBase"]
[PlyCount "104"]
[EventDate "2019.12.30"]
[EventType "swiss"]
[EventCountry "IND"]
[SourceTitle "playchess.com"]
[Source "ChessBase"]
[SourceQuality "1"]
[TimeControl "40/5400+30:1800+30"]

1. d4 Nf6 2. c4 g6 3. Nf3 Bg7 4. Nc3 O-O 5. e4 d6 6. Be3 Na6 7. Be2 e5 8. O-O c6 9. d5 Nc5 10. Nd2 a5 11. a3 Ncd7 12. b4 c5 13. Qb3 b6 14. Rfb1 Ne8 15. bxa5 bxa5 16. Ra2 f5 17. f3 Bf6 18. exf5 gxf5 19. Qc2 Bg5 20. Nf1 Bxe3+ 21. Nxe3 Qg5 22. Qd2 e4 23. Ned1 Qxd2 24. Rxd2 exf3 25. gxf3 f4 26. Nf2 Ne5 27. Nfe4 Ra7 28. Kf2 Rg7 29. Rg1 Rxg1 30. Kxg1 Rf7 31. Rb2 Rb7 32. Rxb7 Bxb7 33. Nb5 Nf7 34. Nd2 Bc8 35. Nb3 a4 36. Nd2 Kf8 37. Nc3 Bd7 38. Bd1 Ke7 39. Ne2 Ne5 40. Nxf4 Nc7 41. Bc2 h6 42. Kf2 Na8 43. Ng2 Nb6 44. Ne3 Bc8 45. Ke2 Ba6 46. Bd3 Bc8 47. f4 Ng4 48. Ndf1 Kf6 49. Ng2 Ke7 50. Nh4 Nf6 51. Ne3 Ng8 52. Nhf5+ Bxf5 1-0

[Event "5th EKA IIFL Investment 2019"]
[Site "Mumbai"]
[Date "2020.01.04"]
[Round "6.19"]
[White "Debashis, Das"]
[Black "Girinath, P.D.S."]
[Result "*"]
[ECO "E90"]
[WhiteElo "2523"]
[BlackElo "2330"]
[Annotator "ChessBase"]
[PlyCount "47"]
[EventDate "2019.12.30"]
[EventType "swiss"]
[EventCountry "IND"]
[SourceTitle "playchess.com"]
[Source "ChessBase"]
[SourceQuality "1"]
[TimeControl "40/5400+30:1800+30"]

1. d4 Nf6 2. c4 g6 3. Nf3 Bg7 4. Nc3 O-O 5. e4 d6 6. Be3 Na6 7. Be2 e5 8. O-O c6 9. d5 Nc5 10. Nd2 a5 11. a3 Ncd7 12. b4 c5 13. Qb3 b6 14. Rfb1 Ne8 15. bxa5 bxa5 16. Ra2 f5 17. f3 Bf6 18. Qc2 Bg5 19. Nf1 Bxe3+ 20. Nxe3 Qg5 21. Qd2 fxe4 22. Ned1 Qxd2 23. Rxd2 exf3 24. gxf3 *

[Event "5th EKA IIFL Investment 2019"]
[Site "Mumbai"]
[Date "2020.01.04"]
[Round "6.20"]
[White "Ameir, Moheb"]
[Black "Rios, Cristhian Camilo"]
[Result "1-0"]
[ECO "B31"]
[WhiteElo "2342"]
[BlackElo "2505"]
[Annotator "ChessBase"]
[PlyCount "81"]
[EventDate "2019.12.30"]
[EventType "swiss"]
[EventCountry "IND"]
[SourceTitle "playchess.com"]
[Source "ChessBase"]
[SourceQuality "1"]
[TimeControl "40/5400+30:1800+30"]

1. e4 c5 2. Nf3 Nc6 3. Bb5 g6 4. Bxc6 bxc6 5. O-O Bg7 6. Re1 Nh6 7. c3 O-O 8. h3 f5 9. e5 Nf7 10. d4 cxd4 11. cxd4 c5 12. dxc5 Qc7 13. Be3 Bb7 14. Nc3 Qc6 15. Qa4 Qxa4 16. Nxa4 Bxf3 17. gxf3 Nxe5 18. Kg2 f4 19. Bd4 Rf5 20. Bxe5 Rxe5 21. Red1 d6 22. cxd6 exd6 23. Rxd6 Rg5+ 24. Kf1 Rh5 25. Rad1 Rxh3 26. Rd8+ Rxd8 27. Rxd8+ Kf7 28. Rd7+ Kg8 29. Kg2 Rh5 30. Rxa7 Rg5+ 31. Kf1 h5 32. b4 Rd5 33. Nc5 Rd1+ 34. Kg2 Bc3 35. b5 Rb1 36. a4 Bd4 37. Ra8+ Kf7 38. Ne4 Rb4 39. a5 g5 40. Nxg5+ Kg6 41. Ne6 1-0

[Event "5th EKA IIFL Investment 2019"]
[Site "Mumbai"]
[Date "2020.01.04"]
[Round "6.21"]
[White "Sahoo, Utkal Ranjan"]
[Black "Nigmatov, Ortik"]
[Result "0-1"]
[ECO "E81"]
[WhiteElo "2329"]
[BlackElo "2474"]
[Annotator "ChessBase"]
[PlyCount "102"]
[EventDate "2019.12.30"]
[EventType "swiss"]
[EventCountry "IND"]
[SourceTitle "playchess.com"]
[Source "ChessBase"]
[SourceQuality "1"]
[TimeControl "40/5400+30:1800+30"]

1. d4 Nf6 2. c4 g6 3. Nc3 Bg7 4. e4 d6 5. f3 O-O 6. Be3 c5 7. Nge2 cxd4 8. Nxd4 Nc6 9. Qd2 Bd7 10. Be2 Nxd4 11. Bxd4 Bc6 12. O-O a5 13. Kh1 Nd7 14. Bxg7 Kxg7 15. f4 Qb6 16. Rae1 Qc5 17. Rf3 Nf6 18. Re3 e6 19. b3 Rad8 20. Bf3 e5 21. Rd3 exf4 22. e5 Ng8 23. Bxc6 bxc6 24. exd6 Qf5 25. Re4 Rfe8 26. Rdd4 f3 27. Rf4 Qe5 28. gxf3 f5 29. Rd3 c5 30. Rh4 Nf6 31. f4 Qe6 32. Rhh3 Ne4 33. Qb2 Qf6 34. Rhe3 Re6 35. d7 Kf7 36. Rd5 Re7 37. Qc2 Nxc3 38. Rxc3 Rdxd7 39. Rcd3 Rxd5 40. cxd5 Qh4 41. Rd1 Qxf4 42. Qg2 Qd6 43. Qd2 Kg7 44. Qxa5 Re3 45. Qd2 Qe5 46. Qf2 Re2 47. Qh4 f4 48. Qg4 Qe4+ 49. Kg1 Qe3+ 50. Kh1 h5 51. Qg5 Qf3+ 0-1

[Event "5th EKA IIFL Investment 2019"]
[Site "Mumbai"]
[Date "2020.01.04"]
[Round "6.23"]
[White "Shyaamnikhil P"]
[Black "Pranav, Anand"]
[Result "1-0"]
[ECO "A49"]
[WhiteElo "2455"]
[BlackElo "2309"]
[Annotator "ChessBase"]
[PlyCount "59"]
[EventDate "2019.12.30"]
[EventType "swiss"]
[EventCountry "IND"]
[SourceTitle "playchess.com"]
[Source "ChessBase"]
[SourceQuality "1"]
[TimeControl "40/5400+30:1800+30"]

1. Nf3 Nf6 2. d4 g6 3. g3 Bg7 4. Bg2 O-O 5. O-O d6 6. Re1 Nc6 7. d5 Nb8 8. e4 c6 9. c4 cxd5 10. cxd5 Na6 11. Nc3 Bg4 12. h3 Bxf3 13. Qxf3 Nd7 14. Qe2 Nac5 15. Be3 Qa5 16. Rec1 Rfc8 17. Rab1 Na4 18. Nxa4 Qxa4 19. b3 Qb4 20. h4 Nb6 21. h5 Rxc1+ 22. Rxc1 Rc8 23. Rxc8+ Nxc8 24. h6 Bf8 25. Qc2 Nb6 26. Bh3 Qa3 27. Qd2 Qa6 28. Bd4 Qa3 29. Ba1 Qc5 30. Qb2 1-0

[Event "5th EKA IIFL Investment 2019"]
[Site "Mumbai"]
[Date "2020.01.04"]
[Round "6.26"]
[White "Krishnater Kushager"]
[Black "Khusenkhojaev, Muhammad"]
[Result "1-0"]
[ECO "C67"]
[WhiteElo "2308"]
[BlackElo "2427"]
[Annotator "ChessBase"]
[PlyCount "63"]
[EventDate "2019.12.30"]
[EventType "swiss"]
[EventCountry "IND"]
[SourceTitle "playchess.com"]
[Source "ChessBase"]
[SourceQuality "1"]
[TimeControl "40/5400+30:1800+30"]

1. e4 e5 2. Nf3 Nc6 3. Bb5 Nf6 4. O-O Nxe4 5. d4 Nd6 6. dxe5 Nxb5 7. a4 d6 8. e6 fxe6 9. axb5 Ne7 10. Ng5 h6 11. Ne4 d5 12. Qh5+ g6 13. Qe5 Rg8 14. Nf6+ Kf7 15. Nxg8 Kxg8 16. Qe2 Nf5 17. Bf4 Bd7 18. c3 Qe8 19. Re1 Nd6 20. Na3 g5 21. Bg3 Nxb5 22. Nxb5 Bxb5 23. Qg4 Qf7 24. h4 Re8 25. hxg5 a6 26. gxh6+ Kh7 27. Re5 Bxh6 28. Rh5 Rg8 29. Rxh6+ Kxh6 30. Bf4+ Kh7 31. Qh4+ Kg6 32. Qg5+ 1-0

[Event "5th EKA IIFL Investment 2019"]
[Site "Mumbai"]
[Date "2020.01.04"]
[Round "6.28"]
[White "Pandey Srishti"]
[Black "Abdisalimov, Abdimalik"]
[Result "0-1"]
[ECO "E10"]
[WhiteElo "2162"]
[BlackElo "2394"]
[Annotator "ChessBase"]
[PlyCount "102"]
[EventDate "2019.12.30"]
[EventType "swiss"]
[EventCountry "IND"]
[SourceTitle "playchess.com"]
[Source "ChessBase"]
[SourceQuality "1"]
[TimeControl "40/5400+30:1800+30"]

1. d4 Nf6 2. c4 e6 3. Nf3 c5 4. d5 exd5 5. cxd5 Bd6 6. Nc3 O-O 7. g3 Re8 8. Bg2 Bc7 9. O-O d6 10. Nd2 a6 11. a4 Nbd7 12. Nc4 Rb8 13. Bf4 Nf8 14. a5 Ng6 15. Bd2 Ng4 16. f4 f5 17. Qc2 Bd7 18. e4 Qf6 19. Ne3 Qd4 20. Rfe1 fxe4 21. h3 Nf6 22. Ra3 c4 23. Kh2 b5 24. axb6 Rxb6 25. Bf1 Rb3 26. Rxa6 Reb8 27. Nxc4 Qf2+ 28. Bg2 R8b4 29. Re2 Qd4 30. Ra8+ Bb8 31. Nxd6 Rxb2 32. Ncb5 Rxb5 33. Nxb5 Rxb5 34. Qc7 Qb2 35. Qc4 Qb3 36. Qxb3 Rxb3 37. Bxe4 Nxe4 38. Rxe4 Rb2 39. Re2 Kf7 40. Rg2 Ne7 41. Ba5 Rb5 42. Rd2 Nxd5 43. Rxb8 Rxa5 44. Rd8 Bc6 45. Rc8 Be8 46. Rb8 h5 47. Rb7+ Kf8 48. Rc2 Ra8 49. f5 Ne3 50. Rf2 Bc6 51. Rb3 Ra1 0-1

[Event "5th EKA IIFL Investment 2019"]
[Site "Mumbai"]
[Date "2020.01.04"]
[Round "6.31"]
[White "Barath Kalyan M"]
[Black "Manik, Mikulas"]
[Result "0-1"]
[ECO "A10"]
[WhiteElo "2091"]
[BlackElo "2379"]
[Annotator "ChessBase"]
[PlyCount "79"]
[EventDate "2019.12.30"]
[EventType "swiss"]
[EventCountry "IND"]
[SourceTitle "playchess.com"]
[Source "ChessBase"]
[SourceQuality "1"]
[TimeControl "40/5400+30:1800+30"]

1. c4 g6 2. Nc3 Bg7 3. g3 Nf6 4. Bg2 O-O 5. e4 c5 6. Nge2 Nc6 7. O-O d6 8. d3 e5 9. h3 Nd4 10. Be3 Nh5 11. g4 Nxe2+ 12. Nxe2 Nf4 13. Nxf4 exf4 14. Bxf4 Bxb2 15. Rb1 Bg7 16. Qd2 Rb8 17. Bh6 f5 18. exf5 gxf5 19. Bd5+ Kh8 20. Bxg7+ Kxg7 21. g5 f4 22. Qc3+ Kg6 23. Kh2 Qd7 24. d4 Qg7 25. Rbd1 Bf5 26. Qf3 cxd4 27. Rde1 Rbe8 28. Qxf4 Re5 29. Qxd4 b6 30. Rxe5 Qxe5+ 31. Qxe5 dxe5 32. Re1 Kxg5 33. Rxe5 Kf6 34. Re3 Rc8 35. Kg3 Rc5 36. Kf4 b5 37. Re8 Bg6 38. Re6+ Kg7 39. Ke5 bxc4 40. Kd4 0-1

[Event "5th EKA IIFL Investment 2019"]
[Site "Mumbai"]
[Date "2020.01.04"]
[Round "6.32"]
[White "Zysk, Robert"]
[Black "Sri Sai Baswanth P"]
[Result "1-0"]
[ECO "B06"]
[WhiteElo "2403"]
[BlackElo "2027"]
[Annotator "ChessBase"]
[PlyCount "53"]
[EventDate "2019.12.30"]
[EventType "swiss"]
[EventCountry "IND"]
[SourceTitle "playchess.com"]
[Source "ChessBase"]
[SourceQuality "1"]
[TimeControl "40/5400+30:1800+30"]

1. Nf3 g6 2. e4 Bg7 3. d4 d6 4. Nc3 c6 5. a4 Nf6 6. Be2 O-O 7. O-O Nbd7 8. Bf4 Qc7 9. Nd2 e5 10. dxe5 Nxe5 11. Nc4 Ne8 12. Nxe5 dxe5 13. Be3 Be6 14. a5 Nd6 15. b3 Rfd8 16. Qc1 c5 17. Rd1 Qc6 18. f3 Rac8 19. Nd5 Bxd5 20. Rxd5 b6 21. Qd2 f6 22. Bc4 Kf8 23. Rd1 Nf7 24. Rd7 Rxd7 25. Qxd7 Rc7 26. Qxc6 Rxc6 27. Rd7 1-0

[Event "5th EKA IIFL Investment 2019"]
[Site "Mumbai"]
[Date "2020.01.04"]
[Round "6.34"]
[White "Navalgund, Niranjan"]
[Black "Konguvel, Ponnuswamy"]
[Result "0-1"]
[ECO "D86"]
[WhiteElo "2231"]
[BlackElo "2367"]
[Annotator "RC"]
[PlyCount "146"]
[EventDate "2019.12.30"]
[EventType "swiss"]
[EventCountry "IND"]
[SourceTitle "playchess.com"]
[Source "ChessBase"]
[SourceQuality "1"]
[TimeControl "40/5400+30:1800+30"]

1. d4 Nf6 2. c4 g6 3. Nc3 d5 4. cxd5 Nxd5 5. e4 Nxc3 6. bxc3 Bg7 7. Bc4 c5 8. Ne2 Nc6 9. Be3 O-O 10. O-O Bg4 11. f3 Bd7 12. Rb1 Qc7 13. Qd2 Rad8 14. Rfc1 Bc8 15. Qe1 Na5 16. Bd3 e5 17. Rd1 Be6 18. Rdc1 Bc8 19. Rd1 Be6 20. d5 Bd7 21. c4 b6 22. Nc3 Nb7 23. Ne2 Na5 24. Nc3 Nb7 25. Nb5 Qb8 26. a4 a6 27. Nc3 Qd6 28. Rd2 Rb8 29. Rdb2 Na5 30. Bd2 Bf6 31. Ne2 Bxa4 32. Bxa5 bxa5 33. Qxa5 Rxb2 34. Rxb2 Bd7 35. Rb6 Qe7 36. d6 Qe6 37. Qxc5 a5 38. Ra6 Rb8 39. Qxa5 Bd8 40. Qd5 Bc8 41. Qxe6 fxe6 42. c5 Bxa6 43. Bxa6 Ra8 44. Bb5 Ba5 45. Nc1 Rb8 46. Bd3 Rb2 47. Kf1 Bb4 48. d7 Ba5 49. Ne2 Kf7 50. c6 Ke7 51. Ba6 Rb6 52. Bd3 Rxc6 53. Kf2 Rc5 54. g3 Kxd7 55. f4 Bb6 56. Kg2 Ke7 57. fxe5 Rxe5 58. h4 Ra5 59. g4 Ra3 60. Bb1 Re3 61. Kf1 Rf3+ 62. Ke1 Bf2+ 63. Kd2 Bxh4 64. Bd3 Bg5+ 65. Kc2 h5 66. gxh5 gxh5 67. Bc4 e5 68. Ng1 Rg3 69. Ne2 Rg2 70. Kd1 h4 71. Ke1 h3 72. Kf1 Be3 73. Bd3 Rg5 0-1

[Event "5th EKA IIFL Investment 2019"]
[Site "Mumbai"]
[Date "2020.01.04"]
[Round "6.35"]
[White "Jubin Jimmy"]
[Black "Audi Ameya"]
[Result "0-1"]
[ECO "A64"]
[WhiteElo "2193"]
[BlackElo "2360"]
[Annotator "ChessBase"]
[PlyCount "86"]
[EventDate "2019.12.30"]
[EventType "swiss"]
[EventCountry "IND"]
[SourceTitle "playchess.com"]
[Source "ChessBase"]
[SourceQuality "1"]
[TimeControl "40/5400+30:1800+30"]

1. d4 Nf6 2. c4 g6 3. g3 Bg7 4. Bg2 O-O 5. Nc3 c5 6. d5 d6 7. Nf3 e6 8. O-O exd5 9. cxd5 Re8 10. Nd2 a6 11. a4 Nbd7 12. Nc4 Ne5 13. Nxe5 Rxe5 14. e4 Re8 15. h3 Rb8 16. a5 Nd7 17. f4 b5 18. axb6 Nxb6 19. Kh2 Nc4 20. Qc2 f5 21. Ra2 Rb4 22. Ra1 Rb8 23. Ra2 Rb4 24. Re1 Bd4 25. Ra4 Nb6 26. Ra2 Qf6 27. Re2 Kg7 28. Bd2 Nc4 29. Bc1 a5 30. b3 Bxc3 31. e5 Nxe5 32. Qxc3 Ng4+ 33. hxg4 Qxc3 34. Bb2 Qxb2 35. Rexb2 fxg4 36. Rxa5 c4 37. Ra4 c3 38. Ra7+ Bb7 39. Rb1 Re2 40. Kg1 c2 41. Rc1 Rxb3 42. Kf1 Rd2 43. Be4 Rd1+ 0-1

[Event "5th EKA IIFL Investment 2019"]
[Site "Mumbai"]
[Date "2020.01.04"]
[Round "6.37"]
[White "Anuj Shrivatri"]
[Black "Varun, V."]
[Result "1-0"]
[ECO "A49"]
[WhiteElo "2348"]
[BlackElo "2256"]
[Annotator "RC"]
[PlyCount "65"]
[EventDate "2019.12.30"]
[EventType "swiss"]
[EventCountry "IND"]
[SourceTitle "playchess.com"]
[Source "ChessBase"]
[SourceQuality "1"]
[TimeControl "40/5400+30:1800+30"]

1. d4 Nf6 2. Nf3 g6 3. g3 Bg7 4. Bg2 O-O 5. O-O d6 6. b3 c6 7. Bb2 Qa5 8. Nbd2 Qh5 9. e4 Bh3 10. Re1 Nbd7 11. Bxh3 Qxh3 12. Ng5 Qh5 13. Qxh5 Nxh5 14. e5 h6 15. Nh3 f5 16. f4 d5 17. Ba3 Rfe8 18. c4 e6 19. Bd6 b5 20. cxb5 cxb5 21. a4 Bf8 22. Bxf8 Kxf8 23. axb5 Reb8 24. Ra5 Ke7 25. Rea1 Rb7 26. Nf2 g5 27. fxg5 hxg5 28. Nd3 Nb6 29. Nc5 Rc7 30. Ra6 Nc8 31. Rxe6+ Kf7 32. Nf3 g4 33. Ng5+ 1-0

[Event "5th EKA IIFL Investment 2019"]
[Site "Mumbai"]
[Date "2020.01.04"]
[Round "6.38"]
[White "Bharat Kumar Reddy Poluri"]
[Black "Utsab Chatterjee"]
[Result "1/2-1/2"]
[ECO "B91"]
[WhiteElo "2337"]
[BlackElo "2200"]
[Annotator "NA"]
[PlyCount "80"]
[EventDate "2019.12.30"]
[EventType "swiss"]
[EventCountry "IND"]
[SourceTitle "playchess.com"]
[Source "ChessBase"]
[SourceQuality "1"]
[TimeControl "40/5400+30:1800+30"]

1. e4 c5 2. Nf3 d6 3. d4 cxd4 4. Nxd4 Nf6 5. Nc3 a6 6. g3 e6 7. Bg2 Be7 8. O-O O-O 9. f4 Qc7 10. g4 d5 {[%emt 0:08:27] B80: Sicilian Scheveningen: 6 g3 and 6 Be3, including English Attack} (10... Nc6 11. g5 Nxd4 12. Qxd4 d5 13. Be3 Nxe4 14. Nxe4 dxe4 15. Qxe4 Rb8 16. Rad1 Bc5 17. Bxc5 Qxc5+ 18. Qd4 Qxd4+ 19. Rxd4 {1-0 (49) Guseinov,G (2664)-Valsecchi,A (2497) Skopje 2018}) 11. e5 Nfd7 12. Kh1 Nc6 13. Be3 Nxd4 14. Bxd4 b5 $146 ({Predecessor:} 14... Bc5 15. Rf3 f6 16. exf6 Nxf6 17. g5 Nd7 18. Qd2 Bxd4 19. Qxd4 {1-0 (37) Pilnik,H-Rabar,B Gothenburg 1955}) 15. a3 Bb7 16. Qe2 Rae8 17. g5 Bc5 18. Rad1 Bxd4 19. Rxd4 Nb6 20. Rf3 f6 $11 21. gxf6 gxf6 22. exf6 Rxf6 23. f5 Kh8 24. fxe6 Rexe6 25. Rxf6 Rxf6 26. Qe8+ Kg7 27. Ne2 Bc6 28. Qh5 Kh8 29. Qg5 Qg7 30. Qh4 Nc4 31. Rg4 Rg6 32. Rxg6 Qxg6 33. Nf4 Qd6 34. Qg5 d4 35. Nh5 Bxg2+ 36. Qxg2 Qf8 37. Qe2 Qa8+ 38. Kg1 Qg8+ 39. Kh1 Qa8+ 40. Kg1 Qg8+ 1/2-1/2

[Event "5th EKA IIFL Investment 2019"]
[Site "Mumbai"]
[Date "2020.01.04"]
[Round "6.40"]
[White "Rohith, Krishna S"]
[Black "Pranav, Shetty"]
[Result "1/2-1/2"]
[ECO "E62"]
[WhiteElo "2306"]
[BlackElo "2162"]
[Annotator "ChessBase"]
[PlyCount "112"]
[EventDate "2019.12.30"]
[EventType "swiss"]
[EventCountry "IND"]
[SourceTitle "playchess.com"]
[Source "ChessBase"]
[SourceQuality "1"]
[TimeControl "40/5400+30:1800+30"]

1. d4 Nf6 2. c4 g6 3. Nc3 Bg7 4. Nf3 O-O 5. g3 d6 6. Bg2 Nc6 7. O-O Bf5 8. d5 Na5 9. Nd2 c5 10. e4 Bd7 11. Qc2 e5 12. a3 b6 13. b3 Ng4 14. h3 Nh6 15. Bb2 f5 16. exf5 gxf5 17. f4 Qe8 18. Rae1 Qg6 19. Ne2 Rae8 20. Nf3 Bf6 21. Bc3 Qg7 22. Qb2 exf4 23. Bxf6 Qxf6 24. Qxf6 Rxf6 25. Nxf4 Nxb3 26. Rxe8+ Bxe8 27. Re1 Bd7 28. Nh5 Rf8 29. Re7 Be8 30. Nf4 b5 31. Bf1 b4 32. Rxa7 Rf7 33. Ra8 bxa3 34. Rxa3 Rb7 35. Bd3 Nc1 36. Bf1 Rb3 37. Rxb3 Nxb3 38. Kf2 Bd7 39. Ke3 Kg7 40. Bd3 Nf7 41. Nh5+ Kg6 42. g4 Nd4 43. Nf4+ Kh6 44. Nxd4 cxd4+ 45. Kxd4 fxg4 46. hxg4 Bxg4 47. Ne6 Ng5 48. Nxg5 Kxg5 49. Bxh7 Kf6 50. Kc3 Ke7 51. Kb4 Kd7 52. Ka5 Kc7 53. Bd3 Bd7 54. Kb4 Bh3 55. c5 dxc5+ 56. Kxc5 Kd8 1/2-1/2

[Event "5th EKA IIFL Investment 2019"]
[Site "Mumbai"]
[Date "2020.01.04"]
[Round "6.42"]
[White "Priyanka, K."]
[Black "Vantika Agrawal"]
[Result "0-1"]
[ECO "B92"]
[WhiteElo "2124"]
[BlackElo "2287"]
[Annotator "ChessBase"]
[PlyCount "180"]
[EventDate "2019.12.30"]
[EventType "swiss"]
[EventCountry "IND"]
[SourceTitle "playchess.com"]
[Source "ChessBase"]
[SourceQuality "1"]
[TimeControl "40/5400+30:1800+30"]

1. e4 c5 2. Nf3 d6 3. d4 cxd4 4. Nxd4 Nf6 5. Nc3 a6 6. Be2 e5 7. Nb3 Be7 8. O-O O-O 9. Re1 Be6 10. Bf3 Qc7 11. a4 Nc6 12. Be3 Rac8 13. Qd2 Nb4 14. a5 Rfe8 15. Ra4 d5 16. exd5 Bf5 17. Bb6 Qd7 18. d6 Bxd6 19. Rd1 e4 20. Qxd6 Qxd6 21. Rxd6 exf3 22. gxf3 Nxc2 23. Nd4 Nxd4 24. Raxd4 Bh3 25. Rd8 Rcxd8 26. Rxd8 Rxd8 27. Bxd8 Nd7 28. Bc7 Nc5 29. b4 Ne6 30. Bd6 Nd4 31. f4 Nf3+ 32. Kh1 h5 33. Ne4 f6 34. Nc5 h4 35. Nb3 Bf1 36. h3 Bxh3 37. Bc5 Bf1 38. Nd4 Nd2 39. Kh2 Kf7 40. f5 h3 41. Bd6 Ne4 42. Bc7 Bg2 43. Kg1 Nd2 44. Kh2 g6 45. fxg6+ Kxg6 46. Bf4 Ne4 47. f3 Nf2 48. Kg3 Nd3 49. Bd2 f5 50. Ne6 Ne5 51. Nf4+ Kf7 52. Nxg2 hxg2 53. Kxg2 Ke6 54. Kg3 Ng6 55. Bc3 Kd5 56. Be1 Kc4 57. Bd2 Kb3 58. f4 Kc4 59. Be1 Kd3 60. Kf3 Nf8 61. Bh4 Ne6 62. Be7 Nd4+ 63. Kf2 Ke4 64. Bd6 Kd5 65. Be7 Nc6 66. Bc5 Ke4 67. Kg3 Nd4 68. Kf2 Ne6 69. Bd6 Nxf4 70. Kg3 Nd3 71. Kg2 f4 72. Kf1 f3 73. Be7 Kd4 74. Bf8 Kc4 75. Bd6 Kb5 76. Bc7 Kxb4 77. Kg1 Kb5 78. Kf1 Kb4 79. Kg1 Nb2 80. Kf2 Nc4 81. Kxf3 Nxa5 82. Ke3 Nc6 83. Kd2 Kb3 84. Kc1 a5 85. Kb1 b5 86. Bd6 b4 87. Bf8 a4 88. Bg7 Na5 89. Ka1 Nc4 90. Bd4 Na3 0-1

[Event "5th EKA IIFL Investment 2019"]
[Site "Mumbai"]
[Date "2020.01.04"]
[Round "6.43"]
[White "Dere Pushkar"]
[Black "Mithil, Ajgaonkar"]
[Result "1-0"]
[ECO "B14"]
[WhiteElo "2061"]
[BlackElo "2278"]
[Annotator "NA"]
[PlyCount "85"]
[EventDate "2019.12.30"]
[EventType "swiss"]
[EventCountry "IND"]
[SourceTitle "playchess.com"]
[Source "ChessBase"]
[SourceQuality "1"]
[TimeControl "40/5400+30:1800+30"]

1. e4 c6 2. d4 d5 3. exd5 cxd5 4. c4 Nf6 5. Nc3 e6 6. Nf3 Be7 7. cxd5 Nxd5 8. Bd3 O-O 9. O-O Nc6 10. a3 Bf6 11. Re1 g6 12. Bh6 Re8 13. Nxd5 Qxd5 14. Be4 Qh5 15. Be3 Qb5 16. Qe2 Qxe2 17. Rxe2 Bd7 18. Rd2 Na5 19. Rc2 Bc6 20. Nd2 Red8 21. b4 Nb3 22. Nxb3 Bxe4 23. Rc7 Bd5 24. Na5 e5 25. Nxb7 exd4 26. Bf4 d3 27. Rd1 Bb3 28. Rd2 Re8 29. h3 Bc2 30. Nd6 Re2 31. Nxf7 Rxd2 32. Bxd2 Bb3 33. Nh6+ Kf8 34. Ng4 Bg7 35. Rd7 Bc2 36. b5 Re8 37. Rxa7 Re2 38. Bb4+ Kg8 39. b6 Bd4 40. Ra8+ Kg7 41. b7 h5 42. b8=Q hxg4 43. Qh8+ 1-0

[Event "5th EKA IIFL Investment 2019"]
[Site "Mumbai"]
[Date "2020.01.04"]
[Round "6.44"]
[White "Rathnakaran, K.."]
[Black "Anadkat Kartavya"]
[Result "1-0"]
[ECO "C42"]
[WhiteElo "2322"]
[BlackElo "2023"]
[Annotator "NA"]
[PlyCount "85"]
[EventDate "2019.12.30"]
[EventType "swiss"]
[EventCountry "IND"]
[SourceTitle "playchess.com"]
[Source "ChessBase"]
[SourceQuality "1"]
[TimeControl "40/5400+30:1800+30"]

1. e4 e5 2. Nf3 Nf6 3. d3 Nc6 4. c4 Bc5 5. Be2 d6 6. a3 Bg4 7. Nc3 h6 8. Rb1 Bxf3 9. Bxf3 a5 10. g3 Nd4 11. Bg2 Qd7 12. h3 c6 13. b4 axb4 14. axb4 Bb6 15. O-O O-O 16. Kh1 Nh7 17. f4 exf4 18. gxf4 f5 19. Be3 Qd8 20. c5 dxc5 21. bxc5 Bxc5 22. Rxb7 Qa5 23. Bxd4 Bxd4 24. Qb3+ Kh8 25. Ne2 Rad8 26. e5 Qd2 27. Bf3 Bc5 28. d4 Rxd4 29. Nxd4 Qxd4 30. Bxc6 Qd8 31. Qd5 Qxd5+ 32. Bxd5 Rd8 33. Bf7 g5 34. Bg6 Nf8 35. Bxf5 gxf4 36. Rxf4 Re8 37. Re4 Kg8 38. e6 Re7 39. Rg4+ Kh8 40. Rb5 Ba3 41. Rb1 Rg7 42. Rxg7 Kxg7 43. Rb7+ 1-0

[Event "5th EKA IIFL Investment 2019"]
[Site "Mumbai"]
[Date "2020.01.04"]
[Round "6.45"]
[White "Thanki, Hemal Karsanji"]
[Black "Vasquez Schroeder, Rodrigo"]
[Result "1/2-1/2"]
[ECO "C00"]
[WhiteElo "2164"]
[BlackElo "2487"]
[Annotator "ChessBase"]
[PlyCount "118"]
[EventDate "2019.12.30"]
[EventType "swiss"]
[EventCountry "IND"]
[SourceTitle "playchess.com"]
[Source "ChessBase"]
[SourceQuality "1"]
[TimeControl "40/5400+30:1800+30"]

1. e4 e6 2. d4 d5 3. Bd3 dxe4 4. Bxe4 Nf6 5. Bf3 c5 6. Ne2 Nc6 7. Be3 cxd4 8. Nxd4 Ne5 9. Nb5 Bd7 10. Nd6+ Bxd6 11. Qxd6 Nxf3+ 12. gxf3 Bc6 13. Qxd8+ Rxd8 14. Nd2 Nd5 15. Bxa7 Nb4 16. O-O-O Nxa2+ 17. Kb1 Nb4 18. Ne4 f5 19. Nd6+ Ke7 20. Bc5 Na6 21. Nxf5+ Kf7 22. Nd6+ Kf6 23. Bb6 Rd7 24. Ne4+ Kf5 25. Rxd7 Bxd7 26. Rg1 g6 27. Nd6+ Kf6 28. Bd4+ e5 29. Bc3 Ke6 30. Re1 Rf8 31. Bxe5 Rxf3 32. Nxb7 Kf5 33. Bg3 Kg5 34. Nd6 h5 35. Re4 Kf6 36. h4 Nc5 37. Rc4 Ne6 38. Ne4+ Ke7 39. Bd6+ Kd8 40. Be5 Bb5 41. Rb4 Bc6 42. Bg3 Rf5 43. Nc3 Kd7 44. Rb8 Rc5 45. Rg8 g5 46. Kc1 gxh4 47. Bxh4 Rc4 48. Bg3 h4 49. Be5 h3 50. Rh8 Bg2 51. Rh7+ Kc6 52. Rh6 Kd7 53. Bg3 Nd4 54. Kd1 Nf5 55. Rh7+ Ke6 56. Bh2 Nd4 57. Bg3 Nf5 58. Bh2 Nd4 59. Rh6+ Kf7 1/2-1/2

[Event "5th EKA IIFL Investment 2019"]
[Site "Mumbai"]
[Date "2020.01.04"]
[Round "6.46"]
[White "Samant Aditya S"]
[Black "Gandhi, Anish"]
[Result "1/2-1/2"]
[ECO "B90"]
[WhiteElo "2296"]
[BlackElo "2168"]
[Annotator "ChessBase"]
[PlyCount "111"]
[EventDate "2019.12.30"]
[EventType "swiss"]
[EventCountry "IND"]
[SourceTitle "playchess.com"]
[Source "ChessBase"]
[SourceQuality "1"]
[TimeControl "40/5400+30:1800+30"]

1. e4 c5 2. Nf3 d6 3. d4 cxd4 4. Nxd4 Nf6 5. Nc3 a6 6. Be3 Ng4 7. Bg5 h6 8. Bh4 g5 9. Bg3 Bg7 10. Qd2 Nc6 11. Nb3 Be6 12. h4 gxh4 13. Bxh4 Rc8 14. f3 Nge5 15. Bf2 b5 16. Nd5 Nc4 17. Bxc4 bxc4 18. Nd4 Bxd5 19. exd5 Ne5 20. O-O Qd7 21. Rae1 Rc5 22. Ne2 Rb5 23. Nc3 Rxb2 24. Bd4 Rg8 25. Ne4 Rb5 26. Nc3 Rb8 27. Re2 Qf5 28. Qe3 Rb7 29. Ne4 Kf8 30. Nxd6 exd6 31. f4 Nf3+ 32. Rxf3 Bxd4 33. Qxd4 Qh5 34. Rfe3 Rb1+ 35. Re1 Rxe1+ 36. Rxe1 Qf3 37. Qd2 c3 38. Qe2 Qxd5 39. Qe7+ Kg7 40. Qe4 Qxe4 41. Rxe4 Rb8 42. Rc4 Rb2 43. Rxc3 Rxa2 44. Rd3 Rxc2 45. Rxd6 a5 46. Ra6 Ra2 47. Kh2 a4 48. Kh3 a3 49. g4 Ra1 50. g5 hxg5 51. fxg5 Rg1 52. Kh4 Rh1+ 53. Kg3 Rg1+ 54. Kh4 Ra1 55. Kh3 Rg1 56. Kh4 1/2-1/2